 Dungeon Crawl Stone Soup version 0.19.0-9-gfd783f2 (console) character file.

9510 Kloppie the Carver (level 11, -1/139 HPs)
             Began as a Demonspawn Berserker on Nov 7, 2016.
             Was a High Priest of Trog.
             Slain by a komodo dragon (13 damage)
             ... on level 8 of the Dungeon.
             The game lasted 00:16:52 (10560 turns).

Kloppie the Carver (Demonspawn Berserker)          Turns: 10560, Time: 00:16:53

Health: -1/139     AC: 19    Str: 22    XL:     11   Next: 24%
Magic:  11/11      EV: 10    Int: 10    God:    Trog [*****.]
Gold:   248        SH:  0    Dex: 15    Spells: 0 memorised, 10 levels left

rFire  . . .     SeeInvis .     a - +1 falchion
rCold  + . .     Gourm    .     M - +2 scale mail "Qymmir" {rElec}
rNeg   . . .     Faith    .     (no shield)
rPois  +         Spirit   .     p - +0 helmet
rElec  +         Reflect  .     (no cloak)
rCorr  .         Harm     .     N - +0 pair of gloves
MR     .....                    (no boots)
Stlth  ..........               (no amulet)
                                b - +3 ring of protection
                                h - ring of poison resistance

@: berserking (expiring), drained, very quick
A: hooves 1, iridescent scales 2, cold resistance 1, foul stench 1, powered by
death 2, rot immunity
a: Berserk, Trog's Hand, Brothers in Arms, Burn Spellbooks, Renounce Religion


You were on level 8 of the Dungeon.
You worshipped Trog.
Trog was extremely pleased with you.
You were not hungry.

You visited 2 branches of the dungeon, and saw 11 of its levels.

You collected 670 gold pieces.
You spent 422 gold pieces at shops.

Inventory:

Hand Weapons
 a - a +1 falchion (weapon)
 d - the +2 long sword of Causality {antimagic, Str+7 Int+4}
   (You acquired it on level 8 of the Dungeon)

   It reduces the magical energy of the wielder, and disrupts the spells and
   magical abilities of those hit.
   Natural abilities and divine invocations are not affected.
   It affects your strength (+7).
   It affects your intelligence (+4).
Armour
 p - a +0 helmet (worn)
 F - a +0 plate armour
 M - the +2 scale mail "Qymmir" (worn) {rElec}
   (You bought it in a shop on level 9 of the Dungeon)

   It insulates you from electricity.
 N - a +0 pair of gloves (worn)
Jewellery
 b - a +3 ring of protection (right hand)
 e - an uncursed ring of see invisible
 g - a +2 ring of strength
 h - a ring of poison resistance (left hand)
 u - a +3 ring of evasion
 z - an uncursed ring of magical power
 D - an uncursed ring of wizardry {unknown}
Wands
 n - a wand of enslavement (2/24)
 y - a wand of lightning (11/15)
 I - a wand of slowing (22/48)
Scrolls
 f - 4 scrolls of remove curse
 i - a scroll of blinking
 j - a scroll of magic mapping
 s - 4 scrolls of recharging
 t - a scroll of enchant armour {unknown}
 E - a scroll of teleportation
 L - a scroll of immolation {unknown}
Potions
 k - 4 potions of curing
 l - a potion of flight
 r - a potion of brilliance
 w - 2 potions of mutation
 x - a potion of degeneration {unknown}
 A - 3 potions of cancellation
 C - a potion of lignification
 G - a potion of haste
 J - a potion of resistance
 K - a potion of berserk rage {unknown}
Comestibles
 c - 12 bread rations
 m - 16 royal jellies
 q - 2 beef jerkies
 v - a meat ration
 B - 5 fruits


   Skills:
 - Level 11.0(10.5) Fighting
 + Level 11.6(11.0) Long Blades
 + Level 6.3(5.8) Armour
 - Level 1.7(1.3) Dodging


You had 10 spell levels left.
You didn't know any spells.

Dungeon Overview and Level Annotations

Branches:
Dungeon (10/15)            Temple (0/1) D:7            Lair (1/6) D:8
    Orc (0/2) D:9

Altars:
Ashenzari
Dithmenos
Qazlal
Ru

Shops:
D:7 :   D:9 [


Innate Abilities, Weirdness & Mutations

You have large cloven feet.
You are mostly covered in iridescent scales. (AC +4)
Your flesh is cold resistant. (rC+)
You may emit foul miasma when damaged in melee.
You regenerate health from kills.
You are immune to rotting.


Message History

* * * LOW HITPOINT WARNING * * *
The yak is engulfed in dark miasma.
The yak looks as sick as possible!
The yak gores you but does no damage.
The yak looks sick.
You completely miss the komodo dragon.
You kick the komodo dragon, but do no damage.
The komodo dragon is lightly wounded.
You barely miss the komodo dragon. You kick the komodo dragon.
The komodo dragon is lightly wounded.
The yak gores you.
* * * LOW HITPOINT WARNING * * *
The komodo dragon closely misses you.
The yak is engulfed in dark miasma.
The yak looks as sick as possible!
The yak seems to slow down.
You kill the yak!
Trog accepts your kill.
You hit the komodo dragon but do no damage.
The komodo dragon is lightly wounded.
You hit the komodo dragon.
The komodo dragon is moderately wounded.
The yak gores you but does no damage. The komodo dragon bites you!
You die...

# #.######.#.###.##.##.#.........
###.######.#.###.##..#.#.........
...........#.#.......#.#.........
###.########.P..P.P..P.#.........
..#..........P....PP.............
..'............P..PP...#...###...
..########..PP.P.P.P.P..##.###...
..'......#..P..####.P.P......'...
..######.#.P...#@l#......#.###...
#.#.........P.P#Y§FY.............
#.#.####.#.P.P.####..P..##.#.....
..#..###.#..P.P...P.P.P....+.....
.........#[..P.......PP.##.#.....
..##.##..#....P...P.P...##.######
..##.#<..#.#.....P.P.P..##.......
#.#..#...#.#)#.....P....##.#####.
#.#.##...#.#)####.......##.# #.


You could see a komodo dragon, 2 yaks and a spiny frog.

Vanquished Creatures
  The ghost of Pepeogr the Carver, a novice DrFi of Hepliaklqana (D:9)
  An unseen horror (D:10)
  2 hill giants (D:10)
  Joseph (D:7)
  A queen bee (D:9)
  A troll (D:9)
  A hippogriff (D:8)
  Sigmund (D:4)
  A spriggan (D:7)
  A wyvern (D:7)
  A vampire (D:10)
  4 yaks (D:8)
  A hungry ghost (D:9)
  A steam dragon (D:10)
  5 orc warriors
  3 sky beasts
  4 ice beasts
  A black bear (D:7)
  3 phantoms
  3 ogres
  A big kobold (D:5)
  6 bullfrogs
  A scorpion (D:4)
  5 wights (D:10)
  32 killer bees
  A water moccasin skeleton (D:9)
  4 howler monkeys
  4 crimson imps
  A bullfrog zombie (D:6)
  A centaur zombie (D:9)
  4 hounds
  2 quasits
  A jelly (D:9)
  5 orc wizards
  2 orc priests
  A bullfrog skeleton (D:4)
  3 iguanas
  3 worker ants
  A hound zombie (D:9)
  4 hound skeletons
  A worker ant zombie (D:9)
  A howler monkey skeleton (D:5)
  12 adders
  6 river rats (D:8)
  A shadow imp (D:9)
  An adder skeleton (D:6)
  4 worms
  2 dart slugs (D:1)
  5 leopard geckos
  22 orcs
  5 giant cockroaches
  12 goblins
  9 hobgoblins
  14 jackals
  3 quokkas
  A ball python skeleton (D:3)
  17 bats
  4 frilled lizards (D:2)
  A jackal skeleton (D:3)
  11 kobolds
  19 rats
270 creatures vanquished.

Vanquished Creatures (others)
  An orc wizard (D:8)
  3 fungi (D:8)
  2 plants (D:8)
6 creatures vanquished.

Grand Total: 276 creatures vanquished

Notes
Turn   | Place    | Note
-------+----------+-------------------------------------------
     0 | D:1      | Kloppie the Demonspawn Berserker began the quest for the Orb.
     0 | D:1      | Reached XP level 1. HP: 18/18 MP: 1/1
   332 | D:1      | Gained mutation: You are immune to rotting. [demonic ancestry]
   332 | D:1      | Reached XP level 2. HP: 24/24 MP: 2/2
   913 | D:2      | Gained mutation: You regenerate a little health from kills. [demonic ancestry]
   913 | D:2      | Reached XP level 3. HP: 16/30 MP: 3/3
   919 | D:2      | Reached ** piety under Trog
  1056 | D:2      | Found a faded altar of an unknown god.
  1056 | D:2      | Found a faded altar of an unknown god.
  1061 | D:2      | Found a faded altar of an unknown god.
  1063 | D:2      | Found a shattered altar of Ashenzari.
  1064 | D:2      | Found a faded altar of an unknown god.
  1645 | D:2      | Gained mutation: You are partially covered in iridescent scales. (AC +2) [demonic ancestry]
  1645 | D:2      | Reached XP level 4. HP: 37/37 MP: 4/4
  2065 | D:2      | Found a sacrificial altar of Ru.
  2477 | D:3      | Reached *** piety under Trog
  2550 | D:3      | Gained mutation: You may emit foul miasma when damaged in melee. [demonic ancestry]
  2550 | D:3      | Reached XP level 5. HP: 33/43 MP: 5/5
  2984 | D:4      | Reached skill level 5 in Fighting
  3320 | D:4      | Gained mutation: You have large cloven feet. [demonic ancestry]
  3320 | D:4      | Reached XP level 6. HP: 42/51 MP: 6/6
  3488 | D:4      | Noticed Sigmund
  3495 | D:4      | Killed Sigmund
  3495 | D:4      | Reached skill level 5 in Long Blades
  3711 | D:5      | Entered Level 5 of the Dungeon
  3728 | D:5      | Reached XP level 7. HP: 21/59 MP: 7/7
  4340 | D:5      | Found a stormy altar of Qazlal.
  4772 | D:6      | Gained mutation: You are mostly covered in iridescent scales. (AC +4) [demonic ancestry]
  4772 | D:6      | Reached XP level 8. HP: 28/65 MP: 8/8
  5357 | D:6      | Reached skill level 5 in Armour
  5677 | D:7      | Found a staircase to the Ecumenical Temple.
  5943 | D:7      | Found Sucij's Book Shop.
  6002 | D:7      | Reached **** piety under Trog
  6039 | D:7      | Reached XP level 9. HP: 64/70 MP: 9/9
  6079 | D:7      | Found a shadowy altar of Dithmenos.
  6377 | D:7      | Noticed Joseph
  6389 | D:7      | Killed Joseph
  7777 | D:8      | Found a staircase to the Lair.
  7920 | D:8      | Identified a scroll of acquirement
  7921 | D:8      | Got a translucent long sword
  8322 | D:9      | Noticed Pepeogr's ghost (novice DrFi)
  8380 | D:9      | Killed Pepeogr's ghost
  8380 | D:9      | Reached skill level 10 in Long Blades
  8380 | D:9      | Gained mutation: You regenerate health from kills. [demonic ancestry]
  8380 | D:9      | Reached XP level 10. HP: 77/82 MP: 10/10
  8525 | D:9      | Found a staircase to the Orcish Mines.
  8591 | D:9      | Found Ypeduicaiff's Armour Shop.
  8617 | D:9      | Bought the +2 scale mail "Qymmir" {rElec} for 364 gold pieces
  8617 | D:9      | Bought a +0 pair of gloves for 58 gold pieces
  8674 | D:9      | Found a flagged portal.
  9409 | D:9      | Reached skill level 10 in Fighting
  9593 | D:10     | Entered Level 10 of the Dungeon
  9606 | D:10     | Reached ***** piety under Trog
  9672 | D:10     | Killed an unseen horror
  9917 | D:10     | Noticed a hill giant
  9927 | D:10     | Killed a hill giant
  9927 | D:10     | Gained mutation: Your flesh is cold resistant. (rC+) [demonic ancestry]
  9927 | D:10     | Reached XP level 11. HP: 51/92 MP: 11/11
 10031 | D:10     | Noticed a hill giant
 10066 | D:10     | Killed a hill giant
 10365 | D:10     | Identified the +2 long sword of Causality {antimagic, Str+7 Int+4} (You acquired it on level 8 of the Dungeon)
 10454 | Lair:1   | Entered Level 1 of the Lair of Beasts
 10560 | D:8      | Slain by a komodo dragon

Skill      XL: |  1  2  3  4  5  6  7  8  9 10 11 |
---------------+----------------------------------+-----
Long Blades    | 3 4 5 6 8 10 11 | 11.6
Fighting       | 4 5 6 8 10 11 | 11.0
Armour         | 3 6 |  6.3
Dodging        | |  1.7

Action                   |  1- 3 |  4- 6 |  7- 9 | 10-12 || total
-------------------------+-------+-------+-------+-------++-------
Melee: Falchion          |   103 |   250 |   691 |   480 ||  1524
       Kick              |       |    14 |   269 |   163 ||   446
Invok: Berserk           |     2 |     2 |     9 |     7 ||    20
       Trog's Hand       |       |     1 |     2 |     5 ||     8
  Use: Scroll            |       |       |    21 |     1 ||    22
       Potion            |       |       |     1 |     2 ||     3
 Stab: Sleeping          |     1 |       |       |       ||     1
       Paralysed         |       |     2 |       |       ||     2
       Invisible         |       |     1 |       |       ||     1
  Eat: Chunk             |     4 |     6 |    16 |    11 ||    37
       Meat ration       |       |     1 |       |     2 ||     3
       Bread ration      |       |       |     1 |       ||     1
       Pizza             |       |       |     1 |     1 ||     2
Armor: Animal skin       |    18 |       |       |       ||    18
       Scale mail        |    13 |   126 |   420 |   380 ||   939
Dodge: Dodged            |    64 |   134 |   371 |   273 ||   842
       Rpst.: Falchion   |    18 |    27 |   111 |    77 ||   233
